 Dungeon Crawl Stone Soup version 0.30-a0-918-g0ff054e9dc (webtiles) character file.

Game seed: 9230661805989140172

137 Iniera the Conjurer (level 5, -8/24 HPs)
             Began as a Vine Stalker Conjurer on Mar 21, 2023.
             Mangled by a sleepcap (16 damage)
             ... on level 4 of the Dungeon.
             The game lasted 00:04:41 (3235 turns).

Iniera the Conjurer (Vine Stalker Conjurer)         Turns: 3235, Time: 00:04:41

Health: -8/24      AC:  4    Str:  9    XL:     5   Next: 20%
Magic:  0/10       EV:  2    Int: 26    God:
Gold:   244        SH:  0    Dex: 13    Spells: 6/9 levels left

rFire   . . .      SeeInvis .    r - +1 short sword (venom)
rCold   . . .      Faith    .    (no shield)
rNeg    . . .      Spirit   +    a - +1 robe
rPois   .          Reflect  .    (no helmet)
rElec   .          Rampage  .    f - +0 cloak
rCorr   .                        (no gloves)
Will    .....                    (no boots)
Stlth   ++                       (no amulet)
HPRegen 1.04/turn                c - +6 ring of intelligence
MPRegen 0.12/turn                (no ring)

@: sleeping
A: fangs 2, regeneration 1, magic shield, antimagic bite, no potion heal 2
a: no special abilities


You were on level 4 of the Dungeon.
You visited 1 branch of the dungeon, and saw 4 of its levels.

You collected 244 gold pieces.

Inventory:

Hand Weapons
 i - a +2 rapier of flaming
 r - a +1 short sword of venom (weapon)
Missiles
 n - a throwing net
Armour
 a - a +1 robe (worn)
 f - a +0 cloak (worn)
Jewellery
 c - a +6 ring of intelligence (left hand)
Scrolls
 e - a scroll of magic mapping
 j - a scroll of teleportation {unknown}
 q - a scroll of vulnerability
Potions
 b - a potion of magic
 d - a potion of mutation {unknown}
 g - 6 potions of curing {unknown}
 h - 2 potions of lignification {unknown}
 k - 2 potions of ambrosia {unknown}
 l - a potion of heal wounds {unknown}
 o - a potion of brilliance {unknown}


   Skills:
 - Level 1.5 Dodging
 - Level 2.4 Stealth
 + Level 2.8 Spellcasting
 + Level 5.4 Conjurations
 + Level 1.4 Hexes
 + Level 1.4 Translocations


You had 6 spell levels left.
You knew the following spells:

 Your Spells              Type           Power      Damage    Failure   Level
a - Magic Dart            Conj           100%       1d8       1%          1
b - Searing Ray           Conj           64%        2d6       1%          2

Your spell library contained the following spells:

 Spells                   Type           Power      Damage    Failure   Level
 Dazzling Flash           Conj/Hex       42%        N/A       7%          3
 Fulminant Prism          Conj/Hex       10%        3d9       22%         4
 Iskenderun's Mystic Bla  Conj/Tloc      21%        2d6       24%         4


Dungeon Overview and Level Annotations

Branches:
Dungeon (4/15)
 Temple: D:4-7

Altars:


Innate Abilities, Weirdness & Mutations

You have extremely sharp teeth.
Your natural rate of healing is unusually fast.
When hurt, damage is shared between your health and your magic reserves.
Your bite disrupts and absorbs the magic of your enemies.
Potions cannot restore your health.


Message History

The sleepcap is moderately damaged.
The sleepcap releases spores at you.
You are engulfed in a cloud of soporific spores!
You fall asleep.
The sleepcap releases spores at you!!
You wake up.
Ouch! That really hurt!
* * * LOW HITPOINT WARNING * * *
You are too injured to fight recklessly!
You are too injured to fight recklessly!
Unknown command.
Casting: Magic Dart (safe; 1% risk of failure)
Confirm with . or Enter, or press ? or * to list all spells.
Aiming: Searing Ray (safe; 1% risk of failure)
Press: ? - help, Shift-Dir - straight line, f/p - sleepcap
Aim: a sleepcap (moderately damaged, 100% to hit)
The searing ray hits the sleepcap!
The sleepcap is severely damaged. (Press . to maintain the ray.)
The sleepcap closely misses you.
You hit the sleepcap.
You bite the sleepcap, but do no damage.
The sleepcap is severely damaged.
The sleepcap barely misses you.
You hit the sleepcap but do no damage. You bite the sleepcap.
You drain its power.
You feel invigorated.
The sleepcap is almost destroyed.
The sleepcap closely misses you.
You completely miss the sleepcap.
You bite the sleepcap, but do no damage.
The sleepcap is almost destroyed.
The sleepcap releases spores at you.
You hit the sleepcap.
The sleepcap is poisoned.
The sleepcap is almost destroyed.
The sleepcap releases spores at you.
* * * LOW HITPOINT WARNING * * *
You are engulfed in a cloud of soporific spores!
You fall asleep.
The sleepcap releases spores at you!!
Ouch! That really hurt!
You die...

... ..!^ ..... ...
..#).#..# ...
....>... .... #.
#...#.# ....
...#...#.##..... #
..........#.....
#.... #....@f......
##.....#.##...#....[
......#.###..# ..<
#....##.###..#.####
#................>.
#..#.##.###....##.#
#..#.##.###..#.#
#...............#
#..#.##.###..#....


You could see a sleepcap (very poisoned).

Vanquished Creatures
  Crazy Yiuf (D:3)
  3 gnolls (D:2)
  An adder (D:3)
  A worm (D:2)
  2 dart slugs (D:1)
  An orc (D:3)
  7 ball pythons
  8 bats
  8 endoplasms
  3 giant cockroaches
  2 goblins
  6 hobgoblins
  2 quokkas
  6 frilled lizards
  4 kobolds
  6 rats
61 creatures vanquished.

Notes
Turn   | Place    | Note
-------+----------+-------------------------------------------
     0 | D:1      | Iniera the Vine Stalker Conjurer began the quest for the
                  | Orb.
     0 | D:1      | Reached XP level 1. HP: 9/9 MP: 4/4
   358 | D:1      | Reached XP level 2. HP: 13/13 MP: 3/6
   364 | D:1      | Learned a level 2 spell: Searing Ray
   952 | D:2      | Reached XP level 3. HP: 16/16 MP: 3/7
   964 | D:2      | Reached skill level 5 in Conjurations
  1485 | D:2      | Gained mutation: Your natural rate of healing is unusually
                  | fast. [Vine Stalker growth]
  1485 | D:2      | Reached XP level 4. HP: 21/21 MP: 1/8
  2091 | D:3      | Reached skill level 1 in Hexes
  2290 | D:3      | Reached skill level 1 in Translocations
  2788 | D:3      | Found a runed translucent door.
  2789 | D:3      | Noticed Crazy Yiuf
  2796 | D:3      | Killed Crazy Yiuf
  2797 | D:3      | Reached XP level 5. HP: 3/24 MP: 0/10
  3235 | D:4      | Mangled by a sleepcap

Illustrated notes

Levels and vault maps discovered:
D:1:      nzn_arrival_water_spiral, layout_basic
D:2:      layout_basic, st_stairs_1
D:3:      layout_rooms, minmay_misc_feat_alley, uniq_crazy_yiuf_cottage
D:4:      layout_basic, nicolae_wu_jian_glorious_leap, grunt_decor_cap

Skill      XL: |  1  2  3  4 |
---------------+-------------+-----
Conjurations   | 5 |  5.4
Hexes          | 1 |  1.4
Translocations | 1 |  1.4
Dodging        | |  1.5
Stealth        | |  2.4
Spellcasting   | |  2.8

Action                     |  1- 3 |  4- 6 || total
---------------------------+-------+-------++-------
  Melee: Short sword       |     2 |    12 ||    14
         Rapier            |     5 |     6 ||    11
         Bite              |     1 |     6 ||     7
   Cast: Magic Dart        |    61 |    39 ||   100
         Searing Ray       |     1 |     3 ||     4
    Use: Scroll            |     2 |     9 ||    11
   Stab: Sleeping          |       |     1 ||     1
  Dodge: Dodged            |     3 |     9 ||    12

Table legend: (Time is in decaauts)
 A = Elapsed time spent in this place.
 B = Non-inter-level travel time spent in this place.
 C = Inter-level travel time spent in this place.
 D = Time resting spent in this place.
 E = Time spent auto-exploring this place.
 F = Levels seen in this place.
 G = Mean time per level.
                   A        B        C        D        E       F      G
               +--------+--------+--------+--------+--------+-----+--------+
         Total |   3239 |   3156 |     83 |     72 |   2729 |   4 |  809.8 |
       Dungeon |   3239 |   3156 |     83 |     72 |   2729 |   4 |  809.8 |
               +--------+--------+--------+--------+--------+-----+--------+

Top non-repeatable levels by time:
     D:2: 1168 daAuts
     D:1: 926 daAuts
     D:3: 825 daAuts
     D:4: 319 daAuts
